AoeStats
← TD

Arena

506077266Analyzed
1v1 RM · 18d ago on Sep 12, 2026· 26m 33s· 2 players
Game mode
Random Map
Map size
Tiny (2 player)
Population
200
Speed
Normal
Resources
Standard
Victory
Conquest
Starting age
Dark Age
Ending age
Imperial Age
RankedLock teamsTeams togetherTeam positionsShared explorationLock speedFull tech treeHidden civsTurbo modeCheats
Victory
Defeat
🇮🇳 Bengalis · India
1132
+14
🇹🇼 Franks · Taiwan
1099
-34
TD
12:00 Feudal Age
13:44 Loom
16:06 Castle Age
15:59 Loom
16:49 Double-Bit Axe
16:44 Pikeman
18:51 Scale Barding Armor
23:50 Husbandry
EndLess
10:40 Feudal Age
14:31 Castle Age
13:17 Loom
13:27 Double-Bit Axe
16:56 Bow Saw
21:16 Sanctity
20:37 Pikeman
21:58 Redemption
24:06 Fervor
Connection lost

Rejoining the realm…

Still unreachable

The connection could not be restored.

Session expired

The server has moved on; the page needs a fresh start.